 Dungeon Crawl Stone Soup version 0.28-a0-1518-gbe868bca14 (console) character file.

Game seed: 184482759694996962

555529 petzl the Sorcerer (level 27, -17/238 HPs)
             Began as a Formicid Arcane Marksman on Jan 16, 2022.
             Was the Champion of Vehumet.
             Demolished by an iron giant (67 damage)
             ... on level 1 of the Depths on Feb 8, 2022.
             The game lasted 14:01:02 (79722 turns).

petzl the Sorcerer (Formicid Arcane Marksman)      Turns: 79722, Time: 14:01:03

Health: -17/238    AC: 14    Str: 16    XL:     27
Magic:  9/49       EV: 14    Int: 30    God:    Vehumet [******]
Gold:   3754       SH:  6    Dex: 14    Spells: 4/70 levels left

rFire   + + .      SeeInvis +   i - staff of air
rCold   + + +      Faith    .   m - +0 buckler
rNeg    . . .      Spirit   .   E - +4 troll leather armour
rPois   .          Reflect  .   (helmet unavailable)
rElec   +          Harm     .   s - scarf {+Inv}
rCorr   +          Rampage  .   p - +0 pair of fencer's gloves {Riposte Dex+3}
Will    +++..                   K - +2 pair of boots {Stlth+}
Stlth   ++++++....              r - amulet "Arublohy" {RegenMP Fragile rC+++ Regen+ Str-3}
HPRegen 2.09/turn               f - ring "Vetifaca" {Drain Fly rF+ rCorr Int+5}
MPRegen 0.71/turn               X - ring of Benevolence {rF+ Int+6}

@: flying, studying Long Blades, unable to read
A: permanent stasis, dig shafts and tunnels, antennae 3, four strong arms, dopey
2, strong-willed 1, robust 1, inability to read while threatened
}: 3/15 runes: serpentine, barnacled, slimy
a: Dig, Shaft Self, Renounce Religion, Evoke Invisibility


You were on level 1 of the Depths.
You worshipped Vehumet.
Vehumet was exalted by your worship.
You visited 12 branches of the dungeon, and saw 52 of its levels.
You also visited: Bailey.

You collected 7379 gold pieces.
You spent 3625 gold pieces at shops.

Inventory:

Hand Weapons
 b - the +8 hand crossbow of Gluttony {elec, Fly}
   (You found it on level 2 of the Depths)

   Any ammunition fired from it occasionally discharges a powerful burst of
   electricity upon striking a foe.
   Fly:       It grants you flight.
 c - a +5 vorpal scimitar
 e - a +0 demon trident of electrocution
 N - the +8 flail "Vicwas" {protect, rCorr Int+4 Dex+2 SInv}
   (You found it on level 2 of the Depths)

   It grants its wielder temporary protection when it strikes (+7 to AC).
   Int:       It affects your intelligence (+4).
   Dex:       It affects your dexterity (+2).
   SInv:      It lets you see invisible.
   rCorr:     It protects you from acid and corrosion.
 O - the +1 double sword "Wuijos" {flame, Will+ Str+4 Int-5}
   (You found it on level 2 of the Depths)

   It burns those it strikes, dealing additional fire damage.
   Big, fiery blades are also staple armaments of hydra-hunters.
   Str:       It affects your strength (+4).
   Int:       It affects your intelligence (-5).
   Will:      It increases your willpower.
 Q - a +4 hand crossbow of flaming
 R - a +4 morningstar of holy wrath
Missiles
 y - 7 throwing nets
 z - 1236 bolts
 J - 14 curare-tipped darts (quivered) {!*}
 P - 4 silver javelins
Armour
 m - a +0 buckler (worn)
 p - the +0 pair of fencer's gloves (worn) {Riposte Dex+3}
   (You found it on level 3 of the Elven Halls)

   It allows the wearer to riposte with melee weapons, swiftly retaliating
   against missed attacks.
   Dex:       It affects your dexterity (+3).
 s - a scarf of invisibility (worn)
 E - a +4 troll leather armour (worn)
 K - a +2 pair of boots of stealth (worn)
Magical Staves
 i - a staff of air (weapon)
Jewellery
 f - the ring "Vetifaca" (left hand) {Drain Fly rF+ rCorr Int+5}
   (You bought it in a shop on level 2 of the Orcish Mines)

   [ring of protection from fire]

   Int:       It affects your intelligence (+5).
   rF:        It protects you from fire.
   Fly:       It grants you flight.
   rCorr:     It protects you from acid and corrosion.
   Drain:     It drains your maximum health when unequipped.
 r - the amulet "Arublohy" (around neck) {RegenMP Fragile rC+++ Regen+ Str-3}
   (You found it on level 2 of the Lair of Beasts)

   [amulet of magic regeneration]

   It increases your rate of magic regeneration.
   Str:       It affects your strength (-3).
   rC:        It renders you almost immune to cold.
   Regen:     It increases your rate of health regeneration.
   Fragile:   It will be destroyed if unequipped.
 B - the ring "Urphiuz" {Wiz rF+ rC- rCorr}
   (You found it on level 2 of the Depths)

   [ring of wizardry]

   It improves your spell success rate.
   rF:        It protects you from fire.
   rC:        It makes you vulnerable to cold.
   rCorr:     It protects you from acid and corrosion.
 S - a ring of poison resistance
 X - the ring of Benevolence (right hand) {rF+ Int+6}
   (You found it on level 2 of the Crypt)

   [ring of protection from fire]

   Int:       It affects your intelligence (+6).
   rF:        It protects you from fire.
Wands
 g - a wand of charming (24)
 u - a wand of digging (1)
 x - a wand of paralysis (16)
 F - a wand of mindburst (11)
 L - a wand of acid (13)
 Y - a wand of iceblast (34)
Scrolls
 d - 2 scrolls of enchant weapon
 k - 2 scrolls of summoning
 l - 9 scrolls of fog
 v - 9 scrolls of fear
 D - 8 scrolls of magic mapping
 H - a scroll of enchant armour
 I - 2 scrolls of holy word
Potions
 a - a potion of mutation
 h - 6 potions of ambrosia
 j - 14 potions of curing
 n - 2 potions of brilliance
 o - 3 potions of cancellation
 q - 4 potions of lignification
 w - a potion of invisibility
 A - 9 potions of might
 C - 8 potions of heal wounds
 M - 3 potions of magic
Miscellaneous
 t - a phantom mirror
 G - a phantom mirror
 U - a condenser vane
 V - a lightning rod (4/4)
 W - a tin of tremorstones (2/2)


   Skills:
 - Level 18.0 Fighting
 - Level 2.0(3.1) Short Blades
 - Level 3.7(4.0) Long Blades
 - Level 4.0 Crossbows
 - Level 10.4 Armour
 - Level 6.0 Dodging
 - Level 12.0 Stealth
 + Level 8.8 Shields
 - Level 22.0 Spellcasting
 - Level 19.5 Conjurations
 - Level 3.6 Hexes
 - Level 6.2 Necromancy
 - Level 6.6 Translocations
 - Level 19.5 Fire Magic
 * Level 15.5 Ice Magic
 - Level 6.0 Air Magic
 - Level 5.0 Poison Magic
 - Level 10.0 Evocations


You had 4 spell levels left.
You knew the following spells:

 Your Spells              Type           Power      Damage    Failure   Level
a - Slow                  Hex            100%       N/A       1%          1
b - Poisonous Vapours     Pois/Air       100%       N/A       1%          2
c - Shock                 Conj/Air       100%       1d9       0%          1
e - Fireball              Conj/Fire      50%        3d20      0%          5
f - Conjure Flame         Conj/Fire      100%       6-21      0%          3
g - Passage of Golubria   Tloc           64%        N/A       1%          4
l - Freezing Cloud        Conj/Ice/Air   53%        6-21      1%          5
m - Mephitic Cloud        Conj/Pois/Air  96%        N/A       1%          3
n - Fire Storm            Conj/Fire      50%        8d13      13%         9
o - Orb of Destruction    Conj           50%        9d13      1%          7
q - Apportation           Tloc           100%       N/A       1%          1
s - Polar Vortex          Ice            45%        N/A       50%         9
u - Sublimation of Blood  Necr           63%        N/A       1%          2
C - Conjure Ball Lightni  Conj/Air       52%        3x3d18    1%          6
I - Ignition              Fire           50%        3d14      1%          8

Your spell library contained the following spells:

 Spells                   Type           Power      Damage    Failure   Level
 Lehudib's Crystal Spear  Conj/Erth      37%        10d9      38%         8
 Foxfire                  Conj/Fire      100%       2x1d9     0%          1
 Magic Dart               Conj           100%       1d8       0%          1
 Searing Ray              Conj           100%       2d8       0%          2
 Frozen Ramparts          Ice            100%       1d12      0%          3
 Flame Wave               Conj/Fire      100%       2d14      0%          4
 Hailstorm                Conj/Ice       95%        3d19      0%          4
 Beastly Appendage        Tmut           66%        N/A       1%          1
 Pain                     Necr           100%       1d9       1%          1
 Summon Small Mammal      Summ           100%       N/A       1%          1
 Corpse Rot               Necr/Air       100%       N/A       1%          2
 Ensorcelled Hibernation  Hex/Ice        100%       N/A       1%          2
 Passwall                 Tmut/Erth      27%        N/A       1%          2
 Wereblood                Tmut           33%        N/A       1%          2
 Confusing Touch          Hex            53%        N/A       1%          3
 Dazzling Flash           Conj/Hex       100%       N/A       1%          3
 Gell's Gravitas          Tloc           64%        N/A       1%          3
 Ignite Poison            Fire/Tmut/Pois 70%        N/A       1%          3
 Inner Flame              Hex/Fire       80%        N/A       1%          3
 Lesser Beckoning         Tloc           64%        N/A       1%          3
 Portal Projectile        Hex/Tloc       100%       N/A       1%          3
 Spider Form              Tmut/Pois      48%        N/A       1%          3
 Teleport Other           Tloc           64%        N/A       1%          3
 Tukima's Dance           Hex            53%        N/A       1%          3
 Airstrike                Air            40%        N/A       1%          4
 Animate Dead             Necr           31%        N/A       1%          4
 Dispel Undead            Necr           63%        3d22      1%          4
 Fulminant Prism          Conj/Hex       40%        3d20      1%          4
 Ice Form                 Ice/Tmut       68%        N/A       1%          4
 Iskenderun's Mystic Bla  Conj/Tloc      84%        2d17      1%          4
 Summon Ice Beast         Ice/Summ       68%        N/A       1%          4
 Cause Fear               Hex            26%        N/A       3%          4
 Call Canine Familiar     Summ           33%        N/A       4%          3
 Leda's Liquefaction      Hex/Erth       21%        N/A       7%          4
 Animate Armour           Summ/Erth      66%        N/A       14%         4
 Petrify                  Tmut/Erth      33%        N/A       14%         4
 Iskenderun's Battlesphe  Conj           100%       2d15      0%          5
 Irradiate                Conj/Tmut      37%        3d26      1%          5
 Lightning Bolt           Conj/Air       52%        1d73      1%          5
 Metabolic Englaciation   Hex/Ice        37%        N/A       1%          5
 Iron Shot                Conj/Erth      37%        9d7       1%          6
 Starburst                Conj/Fire      50%        6d14      1%          6
 Agony                    Necr           63%        N/A       3%          5
 Excruciating Wounds      Necr           31%        N/A       3%          5
 Silence                  Hex/Air        37%        N/A       5%          5
 Yara's Violent Unravell  Hex/Tmut       21%        3d10      5%          5
 Spellforged Servitor     Conj/Summ      37%        N/A       6%          7
 Summon Forest            Summ/Tloc      26%        N/A       10%         5
 Borgnjor's Vile Clutch   Necr/Erth      25%        N/A       11%         5
 Lee's Rapid Deconstruct  Erth           16%        3d11*     11%         5
 Alistair's Intoxication  Tmut/Pois      32%        N/A       14%         5
 Dispersal                Tloc           32%        N/A       14%         6
 Death Channel            Necr           31%        N/A       17%         6
 Summon Mana Viper        Hex/Summ       43%        N/A       19%         5
 Eringya's Noxious Bog    Tmut/Pois      24%        N/A       19%         6
 Blade Hands              Tmut           16%        N/A       36%         5
 Chain Lightning          Conj/Air       52%        3d69      85%         9
 Statue Form              Tmut/Erth      22%        N/A       91%         6
 Enfeeble                 Hex            26%        N/A       95%         7
 Haunt                    Necr/Summ      25%        N/A       97%         7
 Disjunction              Tloc           32%        N/A       99%         8
 Dragon Form              Tmut           16%        N/A       100%        7
 Monstrous Menagerie      Summ           16%        N/A       100%        7
 Summon Hydra             Summ           16%        N/A       100%        7
 Discord                  Hex            26%        N/A       100%        8
 Infestation              Necr           31%        N/A       100%        8
 Necromutation            Tmut/Necr      25%        N/A       100%        8
 Dragon's Call            Summ           16%        N/A       100%        9
 Shatter                  Erth           16%        3d16*     100%        9
 Swiftness                Air            Unusable   N/A       N/A         3

Dungeon Overview and Level Annotations

Branches:
Dungeon (15/15)            Temple (1/1) D:5            Lair (6/6) D:8
 Shoals (4/4) Lair:2        Snake (4/4) Lair:3        Slime (5/5) Lair:5
    Orc (2/2) D:10            Elf (3/3) Orc:2        Vaults (5/5) D:14
  Crypt (3/3) Vaults:2       Tomb (1/3) Crypt:3      Depths (3/4) D:15
 Bailey (visited)

Altars:
Ashenzari
Cheibriados
Dithmenos
Fedhas
Gozag
Hepliaklqana
Kikubaaqudgha
Makhleb
Nemelex Xobeh
Okawaru
Qazlal
Ru
Sif Muna
Trog
Uskayaw
Vehumet
Wu Jian
Xom
Yredelemnul
Zin
The Shining One

Shops:
D:1 *   D:7 =   Orc:2 =*([*   Elf:1 [   Elf:2 =   Shoals:1 [   Snake:2 :[(
Snake:3 ([   Snake:4 ?(   Vaults:2 ???:   Vaults:4 ?   Depths:1 **
Depths:2 :=:

Portals:
Hell: Lair:6 Depths:1 Depths:2
Abyss: Depths:2
Pandemonium: Depths:1 Depths:2
Ziggurat: Depths:2

Annotations:
Vaults:5 !LEV5
Depths:1 Kunuk's ghost, veteran MiFi
Depths:2 2 transporters, Kunuk's ghost, veteran MiFi; Rylio's ghost, journeyman GrGl


Innate Abilities, Weirdness & Mutations

You cannot be hasted, slowed, berserked, paralysed or teleported.
You can dig through walls and to a lower floor.
You have a pair of large antennae on your head. (SInv)
Your four strong arms can wield two-handed weapons with a shield.
You are very dopey. (Int -4)
You are strong-willed. (Will+)
You are robust. (+10% HP)
You sometimes lose the ability to read scrolls when taking damage.


Message History

You enter the passage of Golubria.
There is a passage of Golubria here.
Casting: Passage of Golubria (mildly dangerous; 1% risk of failure)
Confirm with . or Enter, or press ? or * to list all spells.
Aiming: Orb of Destruction (mildly dangerous; 1% risk of failure)
Press: ? - help, Shift-Dir - straight line, f - iron giant
Aim: an iron giant, wielding a +0 giant club (heavily wounded)
The orb of destruction hits the iron giant!!!
The iron giant is severely wounded.
Casting: Orb of Destruction (mildly dangerous; 1% risk of failure)
Confirm with . or Enter, or press ? or * to list all spells.
Aiming: Orb of Destruction (mildly dangerous; 1% risk of failure)
Press: ? - help, Shift-Dir - straight line, f/p - iron giant
Aim: an iron giant, wielding a +0 giant club (severely wounded)
The orb of destruction hits the iron giant!!!
The iron giant is almost dead.
You see here a potion of degeneration.
The iron giant fires a harpoon shot at you.
You block the harpoon shot.
Casting: Orb of Destruction (mildly dangerous; 1% risk of failure)
Confirm with . or Enter, or press ? or * to list all spells.
Aiming: Orb of Destruction (mildly dangerous; 1% risk of failure)
Press: ? - help, Shift-Dir - straight line, f/p - iron giant
Aim: an iron giant, wielding a +0 giant club (almost dead)
You can read scrolls again.
The iron giant fires a harpoon shot at you.
The harpoon shot hits you!!
You are yanked forward by the harpoon shot.
The iron giant fires a harpoon shot at you.
The harpoon shot hits you.
You are yanked forward by the harpoon shot.
You hear a snapping sound.
The iron giant casts a spell at you. The iron shot hits you!!!
You feel threatened and lose the ability to read scrolls!
* * * LOW HITPOINT WARNING * * *
Are you sure you want to shaft yourself?
You begin to dig a shaft.
You continue digging a shaft.
The iron giant hits you with a +0 giant club!!!
You die...

#.####.##...≈≈≈≈≈#..###..'.##..#........'.##
##...........≈≈≈≈≈#..###..#.....#...######.#
#............≈≈≈≈≈#.......####..##...##....#
###.......##.)≈≈...#.......####...##...##...#
#.........#....≈.≈.#########.......##.∩.##..#
.................≈.............#....##...##.#
..................≈.....[##......######...#.#
....#######............####......'........#.#
....#.....#...........#.#........##########.#
....#.....'...........#.#...................#
....#.....#..............................####
....#.....#.........).........############
....#######.....^.........#..##
..........................#>##
!...#####.................###
..........≈≈≈.......[.....#.##
.........≈≈≈≈≈≈....[(....C.≈.######
...#......≈≈≈≈≈^........@#........#
...#....≈..≈≈≈≈.......####C.#.....###
........≈≈.≈≈≈........##....#.......#
........≈...........(.......#.#.#...#
............................#.......#
............................#...#...###
...............≈.....!≈≈≈≈.......[[...#
...............≈........≈≈....#####...#####
≈.....≈≈≈.≈.........○.≈.≈≈................#
...............≈......≈....#....#...#..[..###
^......#.v#....≈........≈≈..........#)......#
.......#..#...≈≈..^.....≈≈≈.....#.#.#.#.#...#
.........##..≈≈.....................#[[.....#
.........>##.≈≈.........≈≈.###......#...#...#
#.....##................≈≈..####......).....#
#.{v..{#..C........#....≈≈.#.# #......####..#
#...v.####........###..≈≈≈.#.#######[.......#
#.{#.## #........# ##.≈≈......# #........#


You could see an iron giant.

Vanquished Creatures
  the Royal Jelly (Slime:5)
  Dissolution (Slime:3)
  A dread lich (Crypt:3)
  Mara (Crypt:2)
  A royal mummy (Tomb:1)
  Sojobo (Crypt:3)
  Bai Suzhen (Depths:1)
  Saint Roka (Vaults:1)
  Frederick (Crypt:1)
  Vashnia (Snake:2)
  A caustic shrike (Depths:2)
  A golden dragon (Depths:2)
  2 bone dragons
  A shard shrike zombie (Crypt:3)
  4 liches
  A tentacled monstrosity (Depths:2)
  Mlioglotl (Snake:3)
  The ghost of knot the Executioner, an adept DsBe of Trog (Vaults:2)
  2 quicksilver dragons (Snake:4)
  2 walking divine tomes (Depths:2)
  19 acid blobs
  3 deep elf blademasters (Elf:3)
  Frances (D:13)
  2 deep elf master archers (Elf:3)
  10 sphinxes
  2 ancient champions (Crypt:2)
  A shadow dragon (Depths:2)
  Kirke (Snake:3)
  5 nagarajas
  Roxanne (D:15)
  The ghost of 3t5h the Brawler, a journeyman TrDe of Jiyva (Vaults:1)
  4 tengu reavers
  The ghost of Foxy the Geomancer, a journeyman TrEE of Vehumet (D:14)
  4 storm dragons
  7 azure jellies
  5 rockslimes
  An azure jelly (shapeshifter) (D:15)
  8 fire giants
  6 frost giants
  An iron dragon (Depths:3)
  6 orc warlords
  10 vault wardens
  Aizul (Snake:3)
  3 curse skulls
  5 deep elf sorcerers (Elf:3)
  Louise (Elf:3)
  A ghoul (Crypt:3)
  3 deep elf elementalists (Elf:3)
  A juggernaut zombie (Crypt:3)
  20 ironbound preservers
  5 stone giants
  4 war gargoyles
  11 very ugly things
  A caustic shrike skeleton (Crypt:1)
  18 quicksilver oozes
  A juggernaut skeleton (Crypt:1)
  6 ironbound thunderhulks
  3 deep elf demonologists (Elf:3)
  3 deep elf annihilators (Elf:3)
  17 dire elephants
  3 entropy weavers
  9 vampire knights
  Azrael (D:13)
  The ghost of kaffeinatedkobold the Grappler, a journeyman TrHu of Hepliaklqana (Lair:2)
  4 spark wasps
  4 deep elf death magi
  4 ettins
  4 jiangshi
  4 merfolk javelineers
  2 eidola
  4 fire dragons
  A blizzard demon (Depths:2)
  5 mummy priests (Tomb:1)
  7 merfolk impalers
  6 crystal guardians
  2 spriggan zombies (Crypt:3)
  10 yaktaur captains
  A spectral golden dragon (D:14)
  19 naga warriors
  Harold (D:8)
  A quicksilver dragon skeleton (Crypt:1)
  5 rakshasas
  6 boulder beetles
  A caustic shrike simulacrum (Depths:1)
  13 great orbs of eyes
  7 salamander tyrants
  9 hydras
  21 vault guards
  An ogre mage (Vaults:1)
  5 deep elf high priests (Elf:3)
  4 ice dragons
  A spectral shadow dragon (D:14)
  3 peacekeepers (Vaults:4)
  2 spriggan air magi (Depths:2)
  An anaconda (shapeshifter) (Vaults:2)
  10 death knights
  12 ironbound frosthearts
  2 fenstrider witch skeletons
  3 alligator snapping turtles
  19 centaur warriors
  5 two-headed ogres
  11 anacondas
  6 merfolk aquamancers
  5 merfolk avatars
  7 deep troll earth magi
  2 catoblepae
  34 dancing weapons
  5 spriggan skeletons
  17 death scarabs (Tomb:1)
  2 satyrs
  7 tengu warriors
  8 deep troll shamans
  20 naga sharpshooters
  12 death yaks
  6 orc high priests
  3 vampire magi
  2 titan skeletons
  Urug (D:11)
  Sonja (D:13)
  13 deep elf knights
  A titan zombie (Crypt:3)
  A sun demon (Lair:6)
  6 hell knights (Crypt:3)
  5 shock serpents
  A sixfirhy (Depths:1)
  A fire crab (shapeshifter) (D:14)
  6 iron trolls
  2 salamander mystics
  The ghost of Clumpoid the Blocker, a novice GnFi of Cheibriados (D:7)
  Nergalle (D:10)
  48 skeletal warriors
  A spectral spark wasp (D:14)
  2 spriggan berserkers (Depths:2)
  2 shadow wraiths (Crypt:2)
  A ghost moth zombie (Crypt:2)
  A deep troll (shapeshifter) (Elf:1)
  An iron giant zombie (Crypt:2)
  77 deep trolls
  5 flayed ghosts
  A bunyip zombie (Crypt:1)
  9 naga ritualists
  3 glowing orange brains
  15 sea snakes
  17 ironbound convokers
  Pikel (D:4)
  2 bunyip skeletons (Crypt:1)
  35 deep elf pyromancers
  11 lindwurms
  4 anaconda skeletons
  11 deep elf archers
  28 deep elf zephyrmancers
  10 necromancers
  16 wizards
  6 harpies (Vaults:3)
  5 phantasmal warriors
  15 orc knights
  2 orc sorcerers (Orc:2)
  5 mana vipers
  10 fauns
  10 shining eyes
  2 tengu skeletons
  3 stone giant zombies
  15 manticores
  17 salamanders
  A manticore (shapeshifter) (Elf:3)
  53 ugly things
  4 cyclopes
  A salamander (shapeshifter) (Elf:2)
  2 rust devils (Depths:2)
  A stone giant skeleton (Crypt:1)
  4 merfolk sirens
  17 vault sentinels
  10 cane toads
  2 ice statues
  14 elephants
  10 water nymphs
  7 guardian serpents
  5 centaur skeletons (Crypt:1)
  A draconian skeleton (Crypt:3)
  36 black mambas
  An unseen horror (D:13)
  Maggie (D:9)
  A gargoyle (D:14)
  A dire elephant skeleton (Crypt:1)
  24 naga magi
  2 eyes of devastation
  3 orange demons (Lair:6)
  6 rime drakes
  11 yaktaurs
  2 efreet
  9 komodo dragons
  A white draconian skeleton (Crypt:1)
  4 tengu conjurers
  10 freezing wraiths
  2 ice devils
  7 wind drakes
  10 trolls
  A yaktaur skeleton (Vaults:3)
  2 red devils (Lair:6)
  A hellwing (Lair:6)
  A harpy zombie (Crypt:3)
  10 guardian mummies
  A blink frog (shapeshifter) (D:14)
  An iron troll skeleton (Crypt:1)
  2 polar bears
  15 merfolk
  Prince Ribbit (D:9)
  An alligator zombie (Crypt:1)
  A moth of wrath zombie (Crypt:1)
  2 hydra skeletons
  4 harpy skeletons (Crypt:1)
  22 blink frogs
  127 slime creatures
  7 dream sheep
  6 snapping turtles
  An ettin skeleton (Crypt:3)
  A stone giant simulacrum (D:14)
  47 flying skulls
  An ice dragon skeleton (Crypt:1)
  A fire dragon skeleton (Crypt:1)
  12 air elementals
  A jumping spider (Vaults:4)
  30 water elementals
  2 centaur simulacra (D:15)
  3 ushabtiu (Tomb:1)
  4 shadows
  9 wraiths
  4 wyverns
  A spriggan (Lair:5)
  5 fire elementals
  3 hogs (Snake:3)
  2 humans (shapeshifter)
  A ynoxinul (Depths:2)
  16 golden eyes
  Grum (D:9)
  A steam dragon (D:4)
  Eustachio (D:3)
  7 vampire mosquitoes
  43 yaks
  2 basilisks
  2 black mamba skeletons (Crypt:1)
  5 redbacks
  Menkaure (D:5)
  A human zombie (Vaults:4)
  72 nagas
  A warg (Vaults:1)
  25 water moccasins
  2 acid dragons (D:12)
  4 naga skeletons (Crypt:1)
  Duvessa (D:5)
  8 hell hounds
  2 human simulacra
  Pargi (D:4)
  2 human skeletons
  A floating eye (D:15)
  A black bear (Lair:4)
  33 orc warriors
  2 ice beasts
  3 necrophages
  4 boggarts (Lair:4)
  12 ogres
  24 wolves
  A manticore skeleton (Crypt:2)
  2 swamp dragon skeletons (Crypt:1)
  12 centaurs
  5 phantoms
  An elephant skeleton (Crypt:1)
  3 lemures (D:4)
  13 kobold brigands
  13 bullfrogs
  A fire crab zombie (Crypt:2)
  2 earth elementals
  A palentonga skeleton (Crypt:2)
  A scorpion (D:5)
  A wyvern skeleton (D:4)
  Dowan (D:5)
  A troll zombie (D:10)
  5 killer bees
  6 wights (D:9)
  14 electric eels
  4 howler monkeys
  6 centaur zombies
  7 hounds
  2 jellies
  A basilisk zombie (Crypt:2)
  2 bullfrog skeletons (D:5)
  26 orc priests
  3 gnoll shamans
  3 iguanas
  Ijyb (D:5)
  A basilisk skeleton (Crypt:2)
  33 orc wizards
  A felid zombie (Crypt:1)
  8 ogre zombies
  An acid dragon skeleton (Crypt:1)
  11 mummies
  A howler monkey zombie (D:5)
  2 howler monkey skeletons
  21 gnolls
  6 adders
  2 white imps (D:7)
  2 worms
  3 dart slugs
  89 orcs
  3 bats (D:1)
  7 endoplasms
  3 giant cockroaches
  24 goblins
  14 hobgoblins
  2 quokkas
  7 ball pythons
  A frilled lizard (D:1)
  A gnoll zombie (Crypt:2)
  A goblin skeleton (D:10)
  2 goblin zombies (D:10)
  2 hobgoblin skeletons (D:10)
  A hobgoblin zombie (D:10)
  9 kobolds
  3 orc skeletons (D:10)
  16 orc zombies (D:10)
  6 rats
  4 ball lightnings
  A bush (Shoals:2)
  2 butterflies (Lair:5)
  13 fire vortices
2345 creatures vanquished.

Vanquished Creatures (collateral kills)
  A lich (Crypt:1)
  2 sphinxes (Depths:2)
  2 acid blobs
  A fire giant (Vaults:2)
  A great orb of eyes (Depths:2)
  An ice dragon (Depths:2)
  A dancing weapon (Elf:2)
  A skeletal warrior (Crypt:3)
  2 iron trolls
  A deep troll (Depths:1)
  An ugly thing (Depths:1)
  An eye of devastation (Slime:4)
  A hornet (Lair:3)
  4 slime creatures
  A basilisk (Lair:3)
  A golden eye (Slime:4)
  A water moccasin (Lair:3)
  A hell hound (D:12)
  A bullfrog (Lair:3)
  2 mummies (Tomb:1)
  61 ball lightnings
88 creatures vanquished.

Vanquished Creatures (others)
  A water nymph (Shoals:4)
  A water moccasin (Lair:6)
  A centaur (D:13)
  A kobold brigand (D:8)
  1362 ball lightnings
  193 fire vortices
  76 fungi
  165 plants
1800 creatures vanquished.

Grand Total: 4233 creatures vanquished

Notes
Turn   | Place    | Note
-------+----------+-------------------------------------------
     0 | D:1      | petzl the Formicid Arcane Marksman began the quest for the
                  | Orb.
     0 | D:1      | Reached XP level 1. HP: 15/15 MP: 2/2
   158 | D:1      | Got the Collected Works on Companions
   186 | D:1      | Reached XP level 2. HP: 16/21 MP: 3/3
   402 | D:1      | Found Bugoek's Assorted Antiques.
   414 | D:1      | Found a faded altar of an unknown god.
   429 | D:1      | Reached skill level 1 in Stealth
   594 | D:1      | Reached XP level 3. HP: 26/26 MP: 5/5
  1573 | D:3      | Found a blossoming altar of Fedhas.
  1586 | D:3      | Learned a level 2 spell: Poisonous Vapours
  1622 | D:4      | Noticed Eustachio
  1628 | D:3      | You fall into a shaft and drop 3 floors!
  1809 | D:6      | Reached skill level 1 in Poison Magic
  1809 | D:6      | Reached XP level 4. HP: 33/33 MP: 4/6
  1831 | D:6      | Noticed a bullfrog
  1894 | D:6      | Noticed a shadow
  1916 | D:6      | Reached skill level 1 in Air Magic
  1927 | D:6      | Killed a shadow
  1928 | D:6      | Reached XP level 5. HP: 29/38 MP: 2/7
  1928 | D:6      | Reached XP level 6. HP: 34/44 MP: 2/8
  2035 | D:5      | Entered Level 5 of the Dungeon
  2066 | D:5      | Noticed an ogre
  2071 | D:5      | Killed an ogre
  2072 | D:5      | Reached skill level 2 in Spellcasting
  2303 | D:5      | Reached XP level 7. HP: 51/51 MP: 8/10
  2310 | D:5      | Noticed Menkaure
  2330 | D:5      | You fall into a shaft and drop 1 floor!
  3368 | D:5      | Noticed Ijyb
  3385 | D:5      | Killed Ijyb
  3386 | D:5      | Reached skill level 3 in Spellcasting
  3626 | D:5      | You fall into a shaft and drop 1 floor!
  3639 | D:6      | Reached skill level 5 in Poison Magic
  3639 | D:6      | Reached XP level 8. HP: 30/58 MP: 6/12
  3999 | D:5      | Found a staircase to the Ecumenical Temple.
  4018 | Temple   | Entered the Ecumenical Temple
  4046 | Temple   | Became a worshipper of Vehumet
  4058 | D:5      | Found a shimmering altar of Xom.
  4074 | D:5      | Reached skill level 1 in Short Blades
  4274 | D:4      | Reached skill level 1 in Armour
  4274 | D:4      | Reached skill level 1 in Evocations
  4555 | D:4      | Noticed Pargi
  6135 | D:4      | Noticed Pikel
  6270 | D:4      | Killed Pikel
  6271 | D:4      | Reached skill level 4 in Spellcasting
  6271 | D:4      | Reached XP level 9. HP: 30/65 MP: 3/16
  6666 | D:4      | Reached * piety under Vehumet
  6666 | D:4      | Offered knowledge of Shock by Vehumet.
  6669 | D:4      | Learned a level 1 spell: Shock
  6727 | D:4      | Reached skill level 5 in Spellcasting
  6727 | D:4      | Found a bloodstained altar of Trog.
  6811 | D:3      | Killed Eustachio
  7237 | D:2      | Found a burning altar of Makhleb.
  7346 | D:1      | Bought a smoking amber ring for 125 gold pieces
  7346 | D:1      | Identified the ring "Kidod" {rC+ Str+3} (You bought it in a
                  | shop on level 1 of the Dungeon)
  7347 | D:1      | Bought a grey potion for 22 gold pieces
  7347 | D:1      | Bought 2 amethyst potions for 45 gold pieces
  7347 | D:1      | Bought an orange potion for 22 gold pieces
  7776 | D:4      | Reached skill level 1 in Conjurations
  8174 | D:5      | Killed Menkaure
  8175 | D:5      | Reached skill level 1 in Ice Magic
  8356 | D:5      | Noticed Duvessa
  8360 | D:5      | Noticed Dowan
  8457 | D:5      | Killed Duvessa
  8462 | D:5      | Killed Dowan
  8915 | D:6      | Reached XP level 10. HP: 44/73 MP: 15/18
 10263 | D:7      | Found a glowing golden altar of the Shining One.
 10453 | D:6      | Reached skill level 5 in Stealth
 10525 | D:6      | Reached ** piety under Vehumet
 10615 | D:7      | Offered knowledge of Searing Ray by Vehumet.
 10619 | D:7      | Learned a level 2 spell: Searing Ray
 10715 | D:7      | Reached skill level 5 in Fighting
 10771 | D:6      | Reached skill level 5 in Evocations
 11080 | D:7      | Found a sacrificial altar of Ru.
 11084 | D:7      | You fall into a shaft and drop 3 floors!
 11084 | D:10     | Entered Level 10 of the Dungeon
 11084 | D:10     | Noticed a two-headed ogre
 11108 | D:10     | Noticed a white ugly thing
 11113 | D:10     | Found a burning altar of Makhleb.
 11136 | D:10     | Found a basalt altar of Yredelemnul.
 11157 | D:10     | Noticed Nergalle
 11160 | D:11     | Noticed Urug
 11170 | D:10     | Noticed a two-headed ogre
 11174 | D:10     | You fall into a shaft and drop 3 floors!
 11209 | D:13     | Noticed an ice statue
 11281 | D:13     | Noticed Sonja
 11291 | D:13     | Killed Sonja
 11372 | D:13     | Noticed an unseen horror
 11373 | D:13     | Noticed a red ugly thing
 11392 | D:13     | Killed an unseen horror
 11494 | D:13     | Noticed a boulder beetle
 11733 | D:12     | Noticed a deep elf pyromancer
 11759 | D:12     | Killed a deep elf pyromancer
 11760 | D:12     | Reached skill level 6 in Spellcasting
 12044 | D:12     | Learned a level 3 spell: Conjure Flame
 12157 | D:12     | Reached XP level 11. HP: 78/80 MP: 15/20
 12744 | D:11     | Reached skill level 5 in Conjurations
 12923 | D:11     | Reached skill level 5 in Dodging
 13303 | D:9      | Noticed a six-headed hydra
 13316 | D:9      | You fall into a shaft and drop 1 floor!
 13319 | D:10     | You fall into a shaft and drop 2 floors!
 13423 | D:11     | Identified the +2 great sword "Dyphuh" {spect, Fragile Fly
                  | rPois Int+3}
 13455 | D:11     | Offered knowledge of Dazzling Flash by Vehumet.
 13477 | D:11     | Noticed a two-headed ogre
 13492 | D:11     | Killed a two-headed ogre
 14084 | D:11     | Killed a two-headed ogre
 14148 | D:10     | Killed Nergalle
 14149 | D:10     | Reached skill level 7 in Spellcasting
 14244 | D:10     | Reached XP level 12. HP: 86/89 MP: 22/22
 14381 | D:10     | Reached *** piety under Vehumet
 14661 | D:10     | Offered knowledge of Mephitic Cloud by Vehumet.
 14666 | D:10     | Learned a level 3 spell: Mephitic Cloud
 14861 | D:10     | Killed a two-headed ogre
 14862 | D:10     | Reached skill level 1 in Fire Magic
 15150 | D:10     | Found a staircase to the Orcish Mines.
 15489 | D:9      | Noticed Prince Ribbit
 15506 | D:9      | Killed Prince Ribbit
 15617 | D:9      | Reached **** piety under Vehumet
 15728 | D:9      | Offered knowledge of Fireball by Vehumet.
 15735 | D:9      | Learned a level 5 spell: Fireball
 15827 | D:9      | Noticed a centaur warrior
 15848 | D:9      | Killed a centaur warrior
 16025 | D:9      | Noticed a centaur warrior
 16036 | D:9      | Killed a six-headed hydra
 16054 | D:9      | Killed a centaur warrior
 16079 | D:9      | Noticed Grum
 16085 | D:9      | Killed Grum
 16339 | D:8      | Found a runed translucent gate.
 16388 | D:8      | Found a staircase to the Lair.
 16457 | D:8      | Got Rogob's Incunabulum of Malediction
 16480 | D:8      | Found a flagged portal.
 16495 | Bailey   | Entered a bailey
 16702 | Bailey   | Reached ***** piety under Vehumet
 16795 | Bailey   | Offered knowledge of Eringya's Noxious Bog by Vehumet.
 16868 | Bailey   | Reached XP level 13. HP: 87/98 MP: 11/24
 17128 | Bailey   | Noticed an orc warlord
 17224 | Bailey   | Killed an orc warlord
 17225 | Bailey   | Reached skill level 8 in Spellcasting
 17432 | Bailey   | Acquired a +0 hand crossbow of flaming
 17435 | Bailey   | Acquired a book of Annihilations
 17437 | Bailey   | Acquired a book of the Spheres
 17447 | Bailey   | Learned a level 7 spell: Orb of Destruction
 17884 | D:4      | Killed Pargi
 17996 | D:7      | Found Igreuhowk's Jewellery Boutique.
 19006 | D:8      | Noticed Harold
 19168 | D:8      | Found a shadowy altar of Dithmenos.
 19395 | D:8      | Found a broken altar of Ashenzari.
 19429 | D:8      | Killed Harold
 19551 | D:8      | Noticed Clumpoid's ghost (novice GnFi)
 19553 | D:8      | Found a runed translucent gate.
 19553 | D:8      | Found a runed translucent gate.
 19756 | D:8      | Found a sparkling altar of Nemelex Xobeh.
 19986 | D:9      | Found an ornate altar of the Wu Jian Council.
 20091 | D:9      | Noticed Maggie
 20105 | D:9      | Killed Maggie
 20231 | D:9      | Reached skill level 5 in Fire Magic
 20436 | D:10     | Found a snail-covered altar of Cheibriados.
 20605 | D:11     | Killed Urug
 20870 | D:12     | Noticed a centaur warrior
 20990 | D:12     | Killed a centaur warrior
 21709 | D:13     | Noticed a centaur warrior
 21714 | D:13     | Noticed Azrael
 21778 | D:13     | Killed a centaur warrior
 21869 | D:13     | Reached skill level 9 in Spellcasting
 21955 | D:13     | Noticed Frances
 21956 | D:13     | Noticed a catoblepas
 22069 | Orc:1    | Entered Level 1 of the Orcish Mines
 22198 | Orc:2    | Entered Level 2 of the Orcish Mines
 22609 | Orc:2    | Found Nierr's Jewellery Boutique.
 23082 | Orc:2    | Reached skill level 10 in Evocations
 23249 | Orc:2    | Reached skill level 10 in Stealth
 23249 | Orc:2    | Reached XP level 14. HP: 100/104 MP: 6/27
 23679 | Orc:2    | Found Busaed's Antique Weapon Boutique.
 23679 | Orc:2    | Found Plog's General Store.
 23688 | Orc:2    | Found Xeoguimimu's Antique Armour Shop.
 23690 | Orc:2    | Found Hozuanuss's Assorted Antiques.
 23743 | Orc:2    | Bought a scroll labelled JATHON WEKI for 19 gold pieces
 23743 | Orc:2    | Bought a scroll of identify for 38 gold pieces
 23743 | Orc:2    | Bought a scroll of identify for 38 gold pieces
 23745 | Orc:2    | Bought a scroll of identify for 26 gold pieces
 24113 | Orc:2    | Found a staircase to the Elven Halls.
 24578 | Lair:1   | Entered Level 1 of the Lair of Beasts
 24742 | D:8      | Reached skill level 10 in Spellcasting
 24819 | D:7      | Killed Clumpoid's ghost
 25733 | Lair:1   | Reached skill level 10 in Conjurations
 25987 | Lair:1   | Reached skill level 1 in Shields
 26002 | Lair:1   | Offered knowledge of Spellforged Servitor by Vehumet.
 26491 | Lair:2   | Found a large runed translucent door.
 26491 | Lair:2   | Found a large runed translucent door.
 26825 | Lair:2   | Found a staircase to the Shoals.
 26984 | Lair:2   | Identified the ring "Iwahonolar" {rC+ EV+4}
 27136 | Lair:2   | Identified the amulet "Arublohy" {RegenMP Fragile rC+++
                  | Regen+ Str-3}
 27435 | Lair:2   | Noticed kaffeinatedkobold's ghost (journeyman TrHu)
 27933 | Lair:3   | Found a staircase to the Snake Pit.
 28888 | Lair:4   | Reached skill level 10 in Fighting
 29359 | Lair:4   | You fall into a shaft and drop 2 floors!
 29359 | Lair:6   | Entered Level 6 of the Lair of Beasts
 29505 | Lair:6   | Found a glowing golden altar of the Shining One.
 29541 | Lair:6   | Reached XP level 15. HP: 102/102 MP: 29/29
 29580 | Lair:6   | Learned a level 6 spell: Conjure Ball Lightning
 29670 | Lair:6   | Reached skill level 11 in Spellcasting
 30133 | Lair:6   | Offered knowledge of Starburst by Vehumet.
 31118 | Lair:6   | Reached skill level 5 in Air Magic
 31744 | Lair:6   | Reached ****** piety under Vehumet
 32014 | Lair:6   | Found a burning altar of Makhleb.
 32312 | Lair:6   | Offered knowledge of Freezing Cloud by Vehumet.
 32321 | Lair:6   | Learned a level 5 spell: Freezing Cloud
 32368 | Lair:6   | Found a gateway to Hell.
 32716 | Lair:6   | Reached skill level 12 in Spellcasting
 32849 | Lair:5   | Reached XP level 16. HP: 108/114 MP: 28/32
 32899 | Lair:5   | You fall into a shaft and drop 1 floor!
 32973 | Lair:5   | You fall into a shaft and drop 1 floor!
 33018 | Lair:5   | You fall into a shaft and drop 1 floor!
 33062 | Lair:5   | You fall into a shaft and drop 1 floor!
 33133 | Lair:5   | You fall into a shaft and drop 1 floor!
 33581 | Lair:5   | Found a staircase to the Slime Pits.
 33629 | Lair:5   | You fall into a shaft and drop 1 floor!
 34577 | Lair:4   | Got the Handbook of Contamination and Ice
 34817 | Lair:4   | Identified the +6 long sword "Xieraept" {antimagic, Fly rF+
                  | Str+3 Int-4}
 34937 | Lair:2   | You fall into a shaft and drop 1 floor!
 34982 | Lair:2   | Killed kaffeinatedkobold's ghost
 35203 | D:12     | Gained mutation: You are strong-willed. (Will+) [potion of
                  | mutation]
 35203 | D:12     | Gained mutation: You are robust. (+10% HP) [potion of
                  | mutation]
 35385 | Shoals:1 | Entered Level 1 of the Shoals
 35558 | Shoals:1 | Found Ceycet's Antique Armour Emporium.
 35566 | Shoals:1 | Bought a pair of embroidered gloves for 172 gold pieces
 35598 | Shoals:1 | Reached skill level 5 in Ice Magic
 36464 | Shoals:2 | Offered knowledge of Ozocubu's Refrigeration by Vehumet.
 36505 | Shoals:2 | Got the Almanac of Egalitarianism
 36790 | Shoals:4 | Entered Level 4 of the Shoals
 36990 | Shoals:3 | Identified the +8 long sword "Hydrabane" {vorpal, rF+ rN+
                  | Int-5}
 37557 | Shoals:3 | Reached XP level 17. HP: 148/148 MP: 26/33
 37698 | Shoals:4 | Reached skill level 13 in Spellcasting
 38744 | Shoals:3 | Offered knowledge of Lightning Bolt by Vehumet.
 39672 | Shoals:4 | Identified the +1 scale mail "Xubboh" {-Tele rElec rPois
                  | rN++}
 39748 | Shoals:4 | Noticed a storm dragon
 39841 | Shoals:4 | Killed a storm dragon
 39955 | Shoals:4 | Got a barnacled rune of Zot
 39965 | Shoals:4 | Got the Guide on Transmutation
 39981 | Shoals:4 | Learned a level 2 spell: Sublimation of Blood
 40627 | Snake:1  | Entered Level 1 of the Snake Pit
 40823 | Elf:1    | Entered Level 1 of the Elven Halls
 40962 | Elf:1    | Reached skill level 1 in Necromancy
 41886 | Elf:1    | Reached XP level 18. HP: 142/158 MP: 30/35
 42248 | Elf:1    | Found Fig Nisk's Armour Boutique.
 42256 | Elf:1    | Bought a +2 cloak of willpower for 301 gold pieces
 42311 | Elf:1    | Offered knowledge of Iron Shot by Vehumet.
 42530 | Elf:2    | Reached skill level 14 in Spellcasting
 42656 | Elf:3    | Entered Level 3 of the Elven Halls
 43042 | Elf:2    | Found Quplur's Jewellery Shop.
 43460 | Elf:2    | Identified the +2 robe of Pathos {+Blink rElec rCorr Str-4}
 43525 | Elf:2    | Found a runed translucent gate.
 43525 | Elf:2    | Found a runed translucent gate.
 43525 | Elf:2    | Found a runed translucent gate.
 43958 | Elf:3    | Reached skill level 5 in Necromancy
 44050 | Elf:2    | Found a radiant altar of Vehumet.
 44611 | Elf:3    | Noticed Louise
 44659 | Elf:3    | Killed Louise
 44765 | Elf:3    | Reached skill level 10 in Fire Magic
 44766 | Elf:3    | Offered knowledge of Lehudib's Crystal Spear by Vehumet.
 44766 | Elf:3    | Offered knowledge of Polar Vortex by Vehumet.
 44766 | Elf:3    | Offered knowledge of Ignition by Vehumet.
 44872 | Elf:3    | Noticed a deep elf master archer
 44882 | Elf:3    | Killed a deep elf master archer
 44906 | Elf:3    | Noticed an Executioner
 44960 | Elf:3    | Noticed a deep elf blademaster
 44966 | Elf:3    | Killed a deep elf blademaster
 45031 | Elf:3    | Noticed a Brimstone Fiend
 45077 | Elf:2    | Reached skill level 15 in Spellcasting
 45126 | Elf:3    | Noticed a deep elf master archer
 45132 | Elf:3    | Killed a deep elf master archer
 45133 | Elf:3    | Reached XP level 19. HP: 161/167 MP: 19/38
 45187 | Elf:3    | Identified the amulet of a Billion Teeth {RegenMP Will-
                  | Dex+3}
 45301 | Elf:3    | Noticed a deep elf blademaster
 45305 | Elf:3    | Killed a deep elf blademaster
 45359 | Elf:3    | Noticed a deep elf blademaster
 45366 | Elf:3    | Killed a deep elf blademaster
 45497 | Elf:3    | Identified the +4 quarterstaff of Luxury {flame, Fragile
                  | rPois Str-4 Int+4}
 45674 | Elf:3    | Got the Papyrus of the Birds and Venom
 45732 | Elf:3    | Got the Compendium of Mutagenic Enchantment
 45774 | Elf:3    | Found the +0 pair of fencer's gloves {Riposte Dex+3}
 45975 | Elf:2    | You fall into a shaft and drop 1 floor!
 46337 | Elf:2    | You fall into a shaft and drop 1 floor!
 46789 | Elf:2    | Bought the ring of the Singing Hero {Will+ Dex+2 Slay+4}
                  | for 1232 gold pieces
 47090 | D:13     | Killed Azrael
 47356 | D:13     | Killed Frances
 47357 | D:13     | Reached skill level 16 in Spellcasting
 47742 | D:14     | Found a transporter.
 47747 | D:14     | Found a transporter.
 47747 | D:14     | Noticed Foxy's ghost (journeyman TrEE)
 48648 | D:14     | Found an opulent altar of Gozag.
 48756 | D:15     | Entered Level 15 of the Dungeon
 48773 | D:15     | Reached skill level 15 in Fighting
 49038 | D:15     | Reached skill level 15 in Conjurations
 49055 | D:15     | Noticed Roxanne
 49122 | D:15     | Killed Roxanne
 49679 | D:15     | Reached XP level 20. HP: 178/178 MP: 15/40
 50292 | D:15     | Found a staircase to the Depths.
 50300 | Depths:1 | Entered Level 1 of the Depths
 50468 | Depths:1 | Noticed Bai Suzhen
 50907 | D:12     | Learned a level 8 spell: Ignition
 51246 | D:1      | Bought a scroll of enchant armour for 187 gold pieces
 51544 | Orc:2    | Bought a scroll of enchant armour for 142 gold pieces
 51567 | Orc:2    | Bought the ring "Vetifaca" {Drain Fly rF+ rCorr Int+5} for
                  | 713 gold pieces
 51755 | D:14     | Found a gate to the Vaults.
 51814 | Vaults:1 | Entered Level 1 of the Vaults
 52079 | Vaults:1 | Identified the +1 scimitar of Watchfulness {flame, rC+
                  | Stlth+}
 52172 | Vaults:1 | Reached skill level 17 in Spellcasting
 52294 | Vaults:1 | Noticed Saint Roka
 52485 | Vaults:2 | Found Sadet's Magic Scroll Shoppe.
 52493 | Vaults:2 | Bought a scroll of magic mapping for 70 gold pieces
 52540 | Vaults:2 | Found Ystrurreg's Magic Scroll Boutique.
 53349 | Vaults:2 | Found a staircase to the Crypt.
 53349 | Vaults:2 | Found a basalt altar of Yredelemnul.
 53350 | Vaults:2 | Found an ancient bone altar of Kikubaaqudgha.
 53356 | Crypt:1  | Entered Level 1 of the Crypt
 53620 | Vaults:2 | Reached XP level 21. HP: 184/184 MP: 36/42
 54022 | Vaults:2 | Found Fizur's Book Boutique.
 54032 | Vaults:2 | Learned a level 1 spell: Apportation
 54083 | Vaults:1 | Killed Saint Roka
 54339 | Vaults:1 | Got the Handbook of Twisted Black Rites
 54358 | Vaults:1 | Learned a level 4 spell: Passage of Golubria
 54443 | Vaults:1 | Reached skill level 1 in Translocations
 54852 | Vaults:1 | Reached skill level 5 in Translocations
 55253 | Vaults:1 | Found a runed translucent door.
 55253 | Vaults:1 | Noticed 3t5h's ghost (journeyman TrDe)
 55498 | Vaults:1 | Killed 3t5h's ghost
 55890 | Vaults:2 | Found Rott's Magic Scroll Boutique.
 55901 | Vaults:2 | Bought a scroll of magic mapping for 63 gold pieces
 55989 | Vaults:2 | Found a transporter.
 55989 | Vaults:2 | Identified the +4 giant club "Tipuxu" {elec, Str+2 Int+6}
 55989 | Vaults:2 | Noticed knot's ghost (adept DsBe)
 55993 | Vaults:2 | Found a transporter.
 56378 | Vaults:3 | Reached skill level 15 in Fire Magic
 56391 | Vaults:3 | Reached skill level 18 in Spellcasting
 56639 | Vaults:3 | Reached XP level 22. HP: 188/193 MP: 30/44
 56841 | Vaults:3 | Identified the +1 leather armour of the Flute {rF+}
 57989 | Vaults:3 | Reached skill level 19 in Spellcasting
 57999 | Vaults:3 | Learned a level 9 spell: Fire Storm
 58599 | Vaults:5 | Entered Level 5 of the Vaults
 58599 | Vaults:5 | Noticed a golden dragon
 58674 | Vaults:4 | Found Xuhedaso's Magic Scroll Boutique.
 58908 | Vaults:4 | Reached XP level 23. HP: 186/196 MP: 43/46
 59684 | Vaults:4 | Identified the +7 giant spiked club "Lentujaegha" {spect,
                  | Dex+3}
 60242 | Vaults:2 | You are sucked into a shaft and drop 1 floor!
 60329 | Vaults:2 | Identified the ring "Icicwam" {Fire rElec rN+}
 60333 | Vaults:2 | You are sucked into a shaft and drop 1 floor!
 60553 | Crypt:1  | Identified the +1 leather armour of Elyvilon's Anger {rElec
                  | rC+}
 60558 | Crypt:1  | You are sucked into a shaft and drop 1 floor!
 60626 | Crypt:2  | Reached skill level 20 in Spellcasting
 60780 | Crypt:2  | Noticed Mara
 60785 | Crypt:2  | Killed Mara
 61008 | Crypt:1  | Noticed Frederick
 61013 | Crypt:1  | Killed Frederick
 61138 | Crypt:3  | Entered Level 3 of the Crypt
 61238 | Crypt:3  | Noticed Sojobo
 61364 | Crypt:2  | Identified the ring of Benevolence {rF+ Int+6}
 62099 | Crypt:1  | Reached XP level 24. HP: 119/214 MP: 42/47
 63247 | Crypt:2  | Identified the +7 chain mail of Birdsong {Dex+4 SInv}
 64285 | Snake:2  | Noticed Vashnia
 64326 | Snake:2  | Killed Vashnia
 64327 | Snake:2  | Reached skill level 5 in Armour
 65751 | Snake:2  | Found Faf Weig's Antique Weapon Boutique.
 65755 | Snake:2  | Found Qoxtovapn's Antique Armour Shop.
 65756 | Snake:2  | Found Kihael's Book Boutique.
 66068 | Snake:3  | Noticed Aizul
 66403 | Snake:4  | Entered Level 4 of the Snake Pit
 66522 | Snake:3  | Noticed Mlioglotl
 66601 | Snake:3  | Noticed Kirke
 66605 | Snake:3  | Killed Kirke
 66948 | Snake:3  | Killed Aizul
 67061 | Snake:3  | You are sucked into a shaft and drop 1 floor!
 67171 | Snake:3  | Reached XP level 25. HP: 223/224 MP: 28/47
 67407 | Snake:3  | Found Qubrudud's Antique Weapon Boutique.
 67408 | Snake:3  | Found Dyff's Antique Armour Emporium.
 67754 | Snake:3  | You are sucked into a shaft and drop 1 floor!
 67950 | Snake:3  | Killed Mlioglotl
 68332 | Snake:4  | Found Pimaj's Antique Weapon Emporium.
 68332 | Snake:4  | Found Teunaif's Magic Scroll Shoppe.
 68357 | Snake:4  | Bought a scroll of holy word for 127 gold pieces
 68357 | Snake:4  | Bought a scroll of magic mapping for 59 gold pieces
 68357 | Snake:4  | Bought a scroll of summoning for 161 gold pieces
 68439 | Snake:4  | Found a shimmering altar of Xom.
 69146 | Snake:4  | Reached skill level 21 in Spellcasting
 69287 | Snake:4  | Got a serpentine rune of Zot
 70106 | Slime:1  | Entered Level 1 of the Pits of Slime
 70148 | Slime:1  | Gained mutation: You sometimes lose the ability to read
                  | scrolls when taking damage. [a shining eye]
 70692 | Slime:3  | Noticed Dissolution
 70697 | Slime:3  | Killed Dissolution
 71030 | Slime:3  | Gained mutation: You are dopey. (Int -2) [mutagenic glow]
 71117 | Slime:5  | Entered Level 5 of the Pits of Slime
 71128 | Slime:5  | Reached skill level 10 in Armour
 71184 | Slime:5  | Gained mutation: You are very dopey. (Int -4) [a shining
                  | eye]
 71399 | Slime:5  | Reached XP level 26. HP: 203/232 MP: 45/48
 71664 | Slime:5  | Noticed the Royal Jelly
 71670 | Slime:5  | Killed the Royal Jelly
 71897 | Slime:5  | Got a slimy rune of Zot
 71939 | Slime:5  | Identified the +5 quarterstaff "Hubuss" {venom, rF- rN+
                  | Int+2 Dex+2}
 72000 | Slime:5  | Identified the +2 broad axe of Wuuth {vorpal, Int+2}
 72004 | Slime:5  | Identified the ring "Daxeaf" {rElec rC+ Dex+3}
 72539 | Crypt:3  | Killed Sojobo
 72540 | Crypt:3  | Reached skill level 1 in Long Blades
 72540 | Crypt:3  | Reached skill level 10 in Ice Magic
 72956 | Crypt:3  | Noticed a dread lich
 72960 | Crypt:3  | Killed a dread lich
 73208 | Crypt:3  | Found a basalt altar of Yredelemnul.
 73348 | Crypt:3  | Identified the +1 plate armour of the First Gods {rCorr
                  | Str+4}
 73643 | Crypt:3  | Found a staircase to the Tomb.
 74153 | Tomb:1   | Entered Level 1 of the Tomb of the Ancients
 74511 | Tomb:1   | Noticed a royal mummy
 74517 | Tomb:1   | Killed a royal mummy
 75442 | D:12     | Learned a level 9 spell: Polar Vortex
 75534 | D:14     | Killed Foxy's ghost
 75536 | D:14     | You are sucked into a shaft and drop 1 floor!
 75808 | Vaults:2 | Killed knot's ghost
 75809 | Vaults:2 | Reached XP level 27. HP: 86/223 MP: 47/48
 75811 | Vaults:2 | You are sucked into a shaft and drop 2 floors!
 76212 | Depths:1 | You are sucked into a shaft and drop 1 floor!
 76212 | Depths:2 | Found a one-way gateway to a ziggurat.
 76240 | Depths:2 | Found a one-way gate to the infinite horrors of the Abyss.
 76313 | Depths:2 | Found a transporter.
 76491 | Depths:1 | Killed Bai Suzhen
 76499 | Depths:1 | Reached skill level 5 in Shields
 76653 | Depths:1 | Found Bimnemp's Specific Store.
 76653 | Depths:1 | Found Daproc Bid's General Store.
 76661 | Depths:1 | Bought a scroll of magic mapping for 63 gold pieces
 76785 | Depths:1 | Found a runed translucent door.
 76785 | Depths:1 | Noticed Kunuk's ghost (veteran MiFi)
 77215 | Depths:1 | Found a one-way gate leading to the halls of Pandemonium.
 77391 | Depths:2 | Noticed Kunuk's ghost (veteran MiFi)
 77417 | Depths:2 | Found a transporter.
 77421 | Depths:2 | Noticed Rylio's ghost (journeyman GrGl)
 77431 | Depths:2 | Found Faibotz's Book Boutique.
 77548 | Depths:2 | Reached skill level 22 in Spellcasting
 77771 | Depths:2 | Found Weutig's Jewellery Emporium.
 77863 | Depths:2 | Found Wysch's Book Boutique.
 78574 | Depths:2 | Identified the ring "Urphiuz" {Wiz rF+ rC- rCorr}
 78768 | Depths:2 | Identified the +8 flail "Vicwas" {protect, rCorr Int+4
                  | Dex+2 SInv}
 78962 | Depths:2 | Identified the +1 double sword "Wuijos" {flame, Will+ Str+4
                  | Int-5}
 78969 | Depths:2 | Identified the +8 hand crossbow of Gluttony {elec, Fly}
 79228 | Depths:3 | Reached skill level 15 in Ice Magic
 79722 | Depths:1 | Demolished by an iron giant

Illustrated notes

Levels and vault maps discovered:
D:1:      nagdon_arrival_zigzag_paths, layout_basic,
          hellmonk_ecumenical_altar_run_dry, serial_shops, nicolae_shop_crystal,
          minmay_bisected
D:2:      layout_rooms, basic_altar, serial_bayou_pond_b
D:3:      layout_rooms, fedhas_altar_1
D:4:      layout_basic, overflow_temple_1_default, kennysheep_nondescript,
          minivault_24, palyth_stone_intersect, minmay_misc_feat_four_crosses,
          roderic_serpentine_path, chequers_serial_rivers_room_b, uniq_pargi,
          uniq_pikel, uniq_eustachio
D:5:      layout_loops_cross, xom_teletrap_fun, minmay_temple_entry_offerings,
          kennysheep_generic_room_8, uniq_ijyb, uniq_duvessa, uniq_menkaure
D:6:      layout_layer_cave, chequers_garden, glass_columns_a,
          kennysheep_generic_room_7
D:7:      layout_layer_cave, hangedman_ru_absence, lemuel_doored_altar,
          serial_shops, nicolae_shop_crystal, grunt_ministairs_9, fountainhead,
          minmay_misc_feat_x
D:8:      layout_loops_ring, nemelex_diamond_rough_becter, lemuel_tele_altar,
          grunt_dithmenos_shadows, erik_lair_island, enter_bailey_3,
          gammafunk_ghost_nasty_kobolds, uniq_harold
D:9:      minmay_the_grid_square_5x5_3x3 [minmay_the_grid_square_5x5_six,
          minmay_the_grid_square_5x5_bracketed,
          minmay_the_grid_square_5x5_inner_v,
          minmay_the_grid_square_5x5_two_walls_b,
          minmay_the_grid_square_5x5_megaprize_checkered,
          minmay_the_grid_square_5x5_inner_z, minmay_the_grid_square_5x5_fat_x,
          minmay_the_grid_square_5x5_eight_small,
          minmay_the_grid_square_5x5_inner_i], layout_loops_corners,
          pdpol_wu_jian_five_deadly_venoms, hangedman_decor_points, uniq_grum,
          uniq_prince_ribbit1, uniq_maggie
D:10:     layout_basic, bloody_makhleb, zombieorc2_lemuel,
          chequers_serial_rivers_micro_b, hangedman_feature_mirror,
          uniq_nergalle
D:11:     layout_rooms, minmay_statue_bubble, uniq_urug
D:12:     layout_grid_maze
D:13:     layout_rooms, minivault_15, eino_tiny_chamber, nicolae_two_hexagons,
          minivault_22, minmay_misc_feat_ornament, uniq_sonja, uniq_azrael,
          uniq_frances
D:14:     layout_irregular_city, lightli_vaults_fourway_checkpoint,
          gammafunk_ghost_mausoleum, minmay_misc_feat_secret_circle,
          grunt_gozag_statues
D:15:     gammafunk_enter_depths_forms, layout_long_grid, roderic_roman_lattice,
          minmay_fractal_squares_5, uniq_roxanne
Temple:   nicolae_temple_x_marks_the_god
Lair:1:   layout_small_grid, minivault_11
Lair:2:   layout_layer_cave, elwin_shoals_entry_rocks,
          ebering_ghost_disaster_area, infiniplex_staircase_pool,
          serial_bayou_shore_b
Lair:3:   layout_roguey, guppyfry_snake_entry_garden, lemuel_old_faithful
Lair:4:   layout_roguey, kilobyte_rumbling_trees, grunt_megastairs_4
Lair:5:   layout_loops_ring, slime_dummy, enter_volcano_4,
          grunt_forest_stairs_clearing, lemuel_fruit_fields
Lair:6:   evil_forest, layout_cellular_growth, lemuel_centaur_altar
Shoals:1: layout_shoals, serial_shops, nicolae_shop_competitors_out_of_business
Shoals:2: cheibrodos_shoals_satyrical_garden, layout_shoals
Shoals:3: layout_shoals
Shoals:4: shoals_end_hellmonk_storm_palace [storm_palace_center_circular,
          storm_palace_corner_narrow, storm_palace_corner_pillars,
          storm_palace_corner_blocked, storm_palace_corner_grid]
Snake:1:  layout_honeycomb
Snake:2:  layout_basic, serial_corexii_hall, corexii_hall_statues_l,
          chequers_hall_statues_corner_a, corexii_hall_statues_s,
          grunt_megastairs_5, serial_bayou_shore_b, minmay_shop_star,
          uniq_vashnia
Snake:3:  layout_cave_town, nicolae_wooded_promenade, uniq_aizul,
          uniq_mlioglotl, uniq_kirke
Snake:4:  hellmonk_snake_rune_quicksilver_temple, layout_misc_corridors,
          basic_altar, serial_bayou_shore_a, minmay_shoptagon
Slime:1:  layout_caves
Slime:2:  layout_caves
Slime:3:  layout_caves, cheibrodos_slime_lost_civilization_7, uniq_dissolution
Slime:4:  layout_caves
Slime:5
Orc:1:    layout_diamond_mine
Orc:2:    st_orc_mages, layout_caves, serial_shops, shop
Elf:1:    nicolae_elf_arrival_aired_out, layout_loops_corners, serial_shops,
          shop, minmay_elf_crystal_hexagon
Elf:2:    nicolae_elf_blades_splatter_lattice [infiniplex_blade_entry_pillars],
          layout_geoelf_diagonals, serial_shops, shop_statue,
          lemuel_upstairs_altar
Elf:3:    minmay_elf_hall_furrowed, layout_rooms, st_stairs_7,
          serial_sigils_hangedman_scratch, nicolae_elf_big_sculpture_2,
          uniq_louise
Vaults:1: hellmonk_ghost_happy_afterlife, nicolae_vaults_back_hallway,
          v_misc_28, hangedman_vaults_pinch, st_smaller_cells,
          grunt_vaults_swirl, nicolae_vaults_twisting_passages, v_misc_12,
          nicolae_vaults_specimen_jars, vaults_room_semicircle,
          dpeg_vaults_monster_box, layout_vaults_ring, uniq_saint_roka
Vaults:2: gammafunk_ghost_smash, vaults_room_ringed_pool,
          vaults_room_grunt_arrival_ludios, hangedman_vaults_restitches,
          minmay_crypt_entry_necro_gods, nicolae_vaults_network_periphery,
          v_misc_14, nicolae_vaults_mini_display_case, layout_vaults_quadrants,
          serial_shops, nicolae_shop_waterfront, nicolae_shop_hallway_plus,
          shop_fountains, shop
Vaults:3: ontoclasm_vaults_chip, v_misc_4, hangedman_vaults_nodes, v_misc_12,
          nicolae_vaults_meeting, ontoclasm_vaults_misaligned,
          grunt_vaults_twisty, vaults_dpeg_spiral, vaults_mumra_lcd,
          ontoclasm_vaults_ligature, ontoclasm_vaults_hangar,
          grunt_vaults_diagonal, hangedman_vaults_restitches,
          grunt_vaults_bifocal, hangedman_vaults_impose, v_misc_13,
          layout_vaults_maze_bifur
Vaults:4: vaults_mumra_minichess, nicolae_vaults_big_ls,
          vaults_standard_mumra_lines, nicolae_vaults_little_squares_3,
          hangedman_vaults_trim, nicolae_vaults_diagonal_hallway_6,
          nicolae_vaults_circle_grid_b, ontoclasm_vaults_loading_screen,
          layout_vaults_big_room, serial_shops, nicolae_shop_hallway_stairs
Vaults:5: serial_shops
Crypt:1:  minmay_skeleton_keep, layout_regular_city,
          grunt_crypt_arrival_guarded_gate, roderic_lattice_octagonal_star,
          uniq_margery, uniq_frederick
Crypt:2:  layout_basic, uniq_mara
Crypt:3:  cryptofortress_bobbens, uniq_sojobo
Tomb:1
Depths:1: layout_cave_pools, nicolae_lava_and_water, grunt_pan_entry_zigzag,
          hell_entry, hellmonk_ghost_big_iron, nrook_uturn,
          hellmonk_bongcloud_opening, nrook_mini_vaults, nicolae_specific_store,
          hangedman_decor_lopped, grunt_decor_mini_mirrors,
          kennysheep_generic_room_11, uniq_bai_suzhen
Depths:2: little_maze_vault, layout_gridville, enter_ziggurat_b,
          nzn_ghost_randoct, rand_demon_pan_entry_3, chequers_jeans,
          abyss_entry, hell_entry, minmay_shop_grove
Depths:3: minmay_inside_and_out, layout_cave_pools,
          abyss_entry_small_statue_room, lightli_too_deep,
          minmay_staircase_statues_hall_small

Skill      XL: |  1  2  3  4  5  6  7  8  9 10 11 12 13 14 15 16 17 18 19 20 21 22 23 24 25 26 27 |
---------------+----------------------------------------------------------------------------------+-----
Dodging        | 2 3 4 5 6 |  6.0
Stealth        | 1 3 4 5 7 8 10 11 12 | 12.0
Poison Magic   | 1 4 5 |  5.0
Air Magic      | 2 3 4 5 6 |  6.0
Fighting       | 2 3 4 5 6 7 8 10 11 12 13 14 15 16 17 18 | 18.0
Spellcasting   | 2 3 4 5 6 7 9 10 12 13 15 16 17 18 19 20 21 22 | 22.0
Short Blades   | 2 |  2.0
Armour         | 2 3 4 7 10 | 10.4
Evocations     | 3 4 6 8 9 10 | 10.0
Conjurations   | 2 4 6 7 9 11 12 13 14 15 16 17 18 19 | 19.5
Ice Magic      | 1 2 6 9 11 15 | 15.5
Crossbows      | 3 4 |  4.0
Fire Magic     | 4 5 6 9 10 11 13 15 16 17 18 19 | 19.5
Shields        | 4 8 |  8.8
Necromancy     | 2 6 |  6.2
Translocations | 6 |  6.6
Long Blades    | 3 |  3.7
Hexes          | |  3.6

Action                   |  1- 3 |  4- 6 |  7- 9 | 10-12 | 13-15 | 16-18 | 19-21 | 22-24 | 25-27 || total
-------------------------+-------+-------+-------+-------+-------+-------+-------+-------+-------++-------
Melee: Dagger            |    46 |    24 |   234 |   141 |   404 |    72 |       |       |       ||   921
       Punch             |       |     1 |     3 |     5 |     5 |       |       |       |       ||    14
       Whip              |       |       |    19 |   143 |   179 |       |       |       |       ||   341
       Staff             |       |       |       |     2 |       |       |     4 |    25 |     8 ||    39
       Trident           |       |       |       |       |    38 |    36 |       |       |       ||    74
       Long sword        |       |       |       |       |       |    12 |       |       |       ||    12
       Demon trident     |       |       |       |       |       |     6 |       |       |       ||     6
       Rapier            |       |       |       |       |       |    11 |       |       |       ||    11
       Scimitar          |       |       |       |       |       |    13 |     1 |       |     3 ||    17
 Fire: Hand crossbow     |    52 |    21 |   113 |   379 |   372 |   129 |     1 |       |       ||  1067
Throw: Dart              |       |       |     1 |     1 |     6 |     4 |     6 |       |       ||    18
       Javelin           |       |       |       |       |     2 |     1 |       |       |       ||     3
 Cast: Slow              |     3 |    11 |    75 |   106 |     5 |       |       |       |       ||   200
       Poisonous Vapours |       |       |    65 |   139 |    25 |       |       |       |       ||   229
       Conjure Flame     |       |       |       |   114 |    96 |     8 |       |     6 |       ||   224
       Searing Ray       |       |       |       |     4 |       |       |       |       |       ||     4
       Mephitic Cloud    |       |       |       |    35 |   185 |    19 |    17 |     3 |       ||   259
       Fireball          |       |       |       |     5 |   181 |    69 |     5 |    26 |     2 ||   288
       Orb of Destructio |       |       |       |       |    44 |   220 |   163 |   167 |   190 ||   784
       Conjure Ball Ligh |       |       |       |       |     5 |    16 |   190 |   325 |   117 ||   653
       Freezing Cloud    |       |       |       |       |       |   182 |   174 |   152 |    68 ||   576
       Shock             |       |       |       |       |       |     1 |     3 |       |       ||     4
       Sublimation of Bl |       |       |       |       |       |       |    21 |    50 |    81 ||   152
       Passage of Golubr |       |       |       |       |       |       |     5 |    11 |     6 ||    22
       Ignition          |       |       |       |       |       |       |       |     2 |     3 ||     5
       Fire Storm        |       |       |       |       |       |       |       |     1 |   172 ||   173
 Abil: Shaft Self        |     1 |       |     2 |     3 |       |     7 |     2 |     4 |     5 ||    24
       Dig               |       |       |     4 |     6 |    12 |    10 |     1 |     1 |       ||    34
       Evoke Invisibilit |       |       |       |     1 |     5 |       |     1 |     4 |     2 ||    13
Evoke: Wand              |       |       |     2 |    22 |     2 |     3 |       |     1 |       ||    30
       Tin of tremorston |       |       |       |       |     3 |       |       |       |       ||     3
       Box of beasts     |       |       |       |       |       |     1 |       |       |       ||     1
  Use: Scroll            |     2 |     2 |     3 |     7 |    20 |     7 |     1 |     1 |     2 ||    45
       Potion            |       |       |     2 |       |     8 |     2 |     3 |     2 |     3 ||    20
 Stab: Sleeping          |     2 |       |     2 |     1 |     5 |     2 |       |       |       ||    12
       Paralysed         |       |       |       |     8 |       |       |       |       |       ||     8
       Distracted        |       |       |       |     1 |       |     1 |       |       |       ||     2
       Confused          |       |       |       |     7 |    26 |     1 |       |       |       ||    34
Armor: Robe              |     9 |       |       |       |       |       |       |       |       ||     9
       Ring mail         |    15 |     7 |     8 |       |       |       |       |       |       ||    30
       Leather armour    |       |       |    55 |    49 |       |       |       |       |       ||   104
       Troll leather arm |       |       |       |    36 |   255 |   120 |    33 |    69 |    63 ||   576
Dodge: Dodged            |    36 |    19 |   133 |   228 |   506 |   173 |    83 |   128 |   101 ||  1407
Block: Buckler           |       |       |       |       |   106 |    61 |    37 |    34 |    39 ||   277
       Rpst.: Staff      |       |       |       |       |       |       |    12 |    21 |    23 ||    56
       Scimitar          |       |       |       |       |       |       |       |       |     1 ||     1

Table legend: (Time is in decaauts)
 A = Elapsed time spent in this place.
 B = Non-inter-level travel time spent in this place.
 C = Inter-level travel time spent in this place.
 D = Time resting spent in this place.
 E = Time spent auto-exploring this place.
 F = Levels seen in this place.
 G = Mean time per level.
                   A        B        C        D        E       F      G
               +--------+--------+--------+--------+--------+-----+--------+
         Total |  80500 |  69816 |  10684 |  14473 |  15887 |  53 | 1518.9 |
       Dungeon |  28737 |  23810 |   4927 |   6203 |   5547 |  15 | 1915.8 |
        Temple |     41 |     29 |     12 |      0 |      8 |   1 |   41.0 |
          Lair |  10242 |   9030 |   1212 |    958 |   3148 |   6 | 1707.0 |
        Shoals |   5216 |   4552 |    664 |   1313 |      0 |   4 | 1304.0 |
     Snake Pit |   5772 |   5358 |    414 |    620 |   2182 |   4 | 1443.0 |
    Slime Pits |   2012 |   1941 |     71 |    819 |      0 |   5 |  402.4 |
  Orcish Mines |   2594 |   2099 |    495 |    237 |    185 |   2 | 1297.0 |
   Elven Halls |   6041 |   5358 |    683 |   1235 |   1088 |   3 | 2013.7 |
        Vaults |   9483 |   8080 |   1403 |   1277 |   2043 |   5 | 1896.6 |
         Crypt |   4888 |   4329 |    559 |    904 |    623 |   3 | 1629.3 |
          Tomb |    964 |    919 |     45 |    305 |      0 |   1 |  964.0 |
        Depths |   3559 |   3363 |    196 |    565 |   1005 |   3 | 1186.3 |
        Bailey |    944 |    944 |      0 |     37 |     58 |   1 |  944.0 |
               +--------+--------+--------+--------+--------+-----+--------+

Top non-repeatable levels by time:
  Lair:6: 3723 daAuts
    D:12: 3437 daAuts
     D:6: 3289 daAuts
     D:4: 3195 daAuts
Vaults:2: 2838 daAuts
   Elf:2: 2599 daAuts
Vaults:1: 2590 daAuts
Depths:2: 2235 daAuts
Shoals:4: 2232 daAuts
Vaults:3: 2184 daAuts
    D:10: 2080 daAuts
     D:5: 2026 daAuts
     D:9: 1942 daAuts
     D:8: 1940 daAuts
     D:7: 1911 daAuts
